 Dungeon Crawl Stone Soup version 0.21-a0-140-g479285b (webtiles) character file.

159 KristoblXynda the Cudgeler (level 5, -3/54 HPs)
             Began as an Ogre Berserker on July 19, 2017.
             Was a Believer of Trog.
             Killed from afar by KristoblXynda's ghost (7 damage)
             ... with a magic dart
             ... on level 3 of the Dungeon.
             The game lasted 00:05:15 (2321 turns).

KristoblXynda the Cudgeler (Ogre Berserker)         Turns: 2321, Time: 00:05:16

Health: -3/54      AC:  4    Str: 21    XL:     5   Next: 40%
Magic:  5/5        EV: 11    Int:  9    God:    Trog [**....]
Gold:   182        SH:  0    Dex:  8    Spells: 4/4 levels left

rFire    . . .     SeeInvis .   a - +0 mace
rCold    . . .     Gourm    .   (no shield)
rNeg     . . .     Faith    .   b - +1 animal skin
rPois    .         Spirit   .   (helmet restricted)
rElec    .         Reflect  .   (no cloak)
rCorr    .         Harm     .   (gloves unavailable)
MR       .....                  (boots unavailable)
Stlth    +.........             (no amulet)
HPRegen  0.18/turn              (no ring)
MPRegen  0.09/turn              (no ring)

@: berserk cooldown, slowed, very slow
A: unfitting armour, tough skin 1
a: Berserk, Trog's Hand, Burn Spellbooks, Renounce Religion


You were on level 3 of the Dungeon.
You worshipped Trog.
Trog was pleased with you.
You were not hungry.

You visited 1 branch of the dungeon, and saw 3 of its levels.

You collected 182 gold pieces.

Inventory:

Hand Weapons
 a - a +0 mace (weapon)
Armour
 b - a +1 animal skin (worn)
 f - a +0 shield
Wands
 r - a wand of flame (37/48)
Potions
 e - a potion of might
 i - a potion of magic
 l - 2 potions of lignification
 p - a potion of heal wounds {unknown}
Comestibles
 c - 2 bread rations
 d - a fruit


   Skills:
 - Level 4.0 Fighting
 * Level 4.5 Maces & Flails
 + Level 3.9 Dodging


You had 4 spell levels left.
You didn't know any spells.

Dungeon Overview and Level Annotations

Branches:
Dungeon (3/15)

Altars:
Fedhas
Sif Muna

Annotations:
D:3 KristoblXynda's ghost, amateur DrCj


Innate Abilities, Weirdness & Mutations

You are too large for most types of armour.
You have tough skin. (AC +1)


Message History

Unknown command.
KristoblXynda's ghost hits you!
* * * LOW HITPOINT WARNING * * *
You bump into the rock wall.
KristoblXynda's ghost misses you.
You bump into the rock wall.
You feel less invigorated.
You feel less confused.
KristoblXynda's ghost gestures at you while chanting.
The magic dart hits you! KristoblXynda's ghost hits you.
* * * LOW HITPOINT WARNING * * *
KristoblXynda's ghost casts a spell at you.
The magic dart hits you!
KristoblXynda's ghost gestures at you while chanting.
The magic dart hits you!
* * * LOW HITPOINT WARNING * * *
KristoblXynda's ghost gestures at you while chanting.
The magic dart hits you!
* * * LOW HITPOINT WARNING * * *
KristoblXynda's ghost points at you and mumbles some strange words.
The magic dart hits you!
You die...

#...#......# *******#.#.#.####.#
*,,,,,,#.....# #.#
***,*###.###.######.# ##########
*<*,*.............#.# #.........
*,*,*.##.####.###.#.####.########
*,*,*,*#,#...<....#......#.....,*
*,*,*,*#.#.###############....,,*
*,*,*,##.#..#...@...W........,,,*
*,*,,>........#############.#####
*,*,,,.##...#)#######....<#.##...
*,*,,,...........................
,,,,,,.##.............#...#.##...
,,,***#######..######.#...#.#####
,,,+,,..[.......# #..#......,,,,
,,,***#########.## #..#.......,,,
,,,* #..# #..#........,,


You could see KristoblXynda's ghost.

Vanquished Creatures
  Ijyb (D:3)
  5 adders
  An ooze (D:1)
  3 worms
  4 dart slugs
  2 leopard geckos (D:1)
  An orc (D:3)
  2 giant cockroaches
  10 goblins
  7 hobgoblins
  6 jackals
  6 kobolds
  A quokka (D:2)
  A ball python (D:1)
  5 bats
  7 frilled lizards
  5 rats
67 creatures vanquished.

Notes
Turn   | Place    | Note
-------+----------+-------------------------------------------
     0 | D:1      | KristoblXynda the Ogre Berserker began the quest for the Orb.
     0 | D:1      | Reached XP level 1. HP: 24/24 MP: 1/1
    45 | D:1      | Reached XP level 2. HP: 24/32 MP: 2/2
   252 | D:1      | Reached XP level 3. HP: 8/39 MP: 3/3
   987 | D:2      | Reached ** piety under Trog
  1222 | D:2      | Reached XP level 4. HP: 27/48 MP: 4/4
  1226 | D:2      | Found a blossoming altar of Fedhas.
  1923 | D:3      | Found a deep blue altar of Sif Muna.
  1973 | D:3      | Noticed Ijyb
  1984 | D:3      | Killed Ijyb
  1984 | D:3      | Reached XP level 5. HP: 54/54 MP: 5/5
  2288 | D:3      | Noticed KristoblXynda's ghost (amateur DrCj)
  2321 | D:3      | Killed from afar by KristoblXynda's ghost

Vault maps used:
D:1:      dpeg_arrival_orchard
D:2:      overflow_temple_1_default
D:3:      lemuel_blue_sif_altar, uniq_ijyb

Skill      XL: |  1  2  3  4 |
---------------+-------------+-----
Maces & Flails | 3 4 |  4.5
Dodging        | 3 |  3.9
Fighting       | |  4.0

Action                   |  1- 3 |  4- 6 || total
-------------------------+-------+-------++-------
Melee: Mace              |   108 |   101 ||   209
Invok: Berserk           |     3 |     4 ||     7
       Trog's Hand       |     1 |     1 ||     2
  Use: Scroll            |       |    11 ||    11
       Potion            |       |     1 ||     1
 Stab: Sleeping          |       |     1 ||     1
  Eat: Chunk             |     3 |     3 ||     6
       Fruit             |     1 |       ||     1
       Meat ration       |       |     1 ||     1
Armor: Animal skin       |    42 |    26 ||    68
Dodge: Dodged            |    97 |    49 ||   146
